 Dungeon Crawl Stone Soup version 0.30.0-29-ga12c61a403 (webtiles) character file.

Game seed: 1213658936081057486

44 qw the Chopper (level 3, -4/23 HPs)
             Began as a Gargoyle Fighter on June 4, 2023.
             Slain by a gnoll
             ... wielding a +0 spear
              (7 damage)
             ... on level 2 of the Dungeon.
             The game lasted 00:00:30 (1191 turns).

qw the Chopper (Gargoyle Fighter)                   Turns: 1191, Time: 00:00:30

Health: -4/23      AC: 17    Str: 21    XL:     3   Next: 60%
Magic:  3/3        EV:  7    Int:  8    God:
Gold:   34         SH:  4    Dex:  9    Spells: 2/2 levels left

rFire   . . .        Y - +1 war axe
rCold   . . .        c - +0 buckler
rNeg    + . .        h - +0 chain mail
rPois   inf          (no helmet)
rElec   +            i - +0 cloak
rCorr   .            (no gloves)
SInv    .            (no boots)
Will    .....        (no amulet) Stlth
                     f - +4 ring of protection
HPRegen 0.23/turn    (no ring)
MPRegen 0.08/turn

%: no passive effects
@: no status effects
A: sickness immunity, AC +3, negative energy resistance 1, electricity
resistance, torment resistance 1, petrification resistance
a: no special abilities


You were on level 2 of the Dungeon.
You visited 1 branch of the dungeon, and saw 3 of its levels.

You collected 34 gold pieces.


Innate Abilities, Weirdness & Mutations

You are immune to sickness and miasma.
Your stone body is resilient. (AC +3)
You are immune to poison.
You resist negative energy. (rN+)
You are resistant to electric shocks. (rElec)
You are resistant to unholy torment.
You are immune to petrification.


   Skills:
 - Level 3.2 Fighting
 + Level 3.5 Axes
 - Level 3.2 Armour
 - Level 3.2 Shields


You had 2 spell levels left.
You didn't know any spells.
Your spell library was empty.

Inventory:

Hand Weapons
 e - a +0 whip
 Y - a +1 war axe (weapon)
Armour
 c - a +0 buckler (worn)
 h - a +0 chain mail (worn)
 i - a +0 cloak (worn)
Jewellery
 f - a +4 ring of protection (left hand)
Scrolls
 b - a scroll of identify
Potions
 d - a potion of might
 g - a potion of flight {unknown}
 j - a potion of heal wounds {unknown}

Dungeon Overview and Level Annotations

Branches:
Dungeon (3/15)

Altars:


Message History

The gnoll is lightly wounded.
You block the gnoll's attack. The gnoll barely misses you.
The gnoll hits you from afar with a +0 spear.
The gnoll barely misses you.
You slash the gnoll!
The gnoll is almost dead.
The gnoll hits you but does no damage. x2
You closely miss the gnoll.
The gnoll is almost dead.
The gnoll hits you but does no damage. You block the gnoll's attack.
You hit the gnoll but do no damage.
The gnoll is almost dead.
The gnoll barely misses you. x2; The gnoll hits you but does no damage.
The gnoll barely misses you.
You slash the gnoll!
You kill the gnoll!
The gnoll hits you but does no damage.
A gnoll comes into view. It is wielding a +0 spear.
The gnoll hits you with a +0 spear!
You see here a +0 halberd.
You barely miss the gnoll.
The gnoll shouts!
The gnoll hits you but does no damage.
You hit the gnoll.
The gnoll is lightly wounded.
The gnoll hits you but does no damage. x2
You closely miss the gnoll.
The gnoll is lightly wounded.
The gnoll barely misses you.
You closely miss the gnoll.
The gnoll is lightly wounded.
The gnoll hits you but does no damage. x2
You completely miss the gnoll.
The gnoll is lightly wounded.
The gnoll hits you but does no damage. The gnoll hits you with a +0 spear.
The gnoll hits you but does no damage. The gnoll hits you with a +0 spear.
You barely miss the gnoll.
The gnoll is lightly wounded.
The gnoll hits you from afar with a +0 spear!
You die...

##.###.# ### #.# #.
#. #.# #.###.######
... # #........).#
#+### # #.#
.##..#.####.# #... .
..#
......####.###.######
#.g##.............##
#.g#...##.##...##.##
#..@...##.#.....#...
##.#...##.##...#####
#........###.## #
########## #.######
#....... ########


You could see 2 gnolls.

Vanquished Creatures
  2 gnolls (D:2)
  An orc (D:3)
  5 ball pythons
  An endoplasm (D:1)
  2 giant cockroaches (D:1)
  2 goblins (D:1)
  A hobgoblin (D:1)
  A quokka (D:1)
  A bat (D:2)
  A frilled lizard (D:3)
  4 kobolds (D:1)
  2 rats
23 creatures vanquished.

Notes
Turn   | Place    | Note
-------+----------+-------------------------------------------
     0 | D:1      | qw the Gargoyle Fighter began the quest for the Orb.
     0 | D:1      | Reached XP level 1. HP: 14/14 MP: 1/1
     0 | D:1      | 0 ||| qw: Version: 0.2-a-107-g8a026e3
     0 | D:1      | 0 ||| qw: Game counter: 1173
     0 | D:1      | 0 ||| qw: Always use a shield: true
     0 | D:1      | 0 ||| qw: God list: Okawaru
     0 | D:1      | 0 ||| qw: Allow faded altars: false
     0 | D:1      | 0 ||| qw: Do Orc after D:15 true
     0 | D:1      | 0 ||| qw: Do second Lair branch before Depths: true
     0 | D:1      | 0 ||| qw: Lair rune preference: random
     0 | D:1      | 0 ||| qw: Plans: Normal, Zot:1-4, Slime:5, God:TSO, Crypt,
                  | Tomb, Abyss, Pan, Hells, Win
     0 | D:1      | 0 ||| PLANNING D:1-11
   250 | D:1      | 250 ||| Stepping ~*~*~tactically~*~*~ (hiding).
   503 | D:1      | Reached XP level 2. HP: 19/19 MP: 2/2
   608 | D:1      | 608 ||| Stepping ~*~*~tactically~*~*~ (stealth).
   811 | D:1      | Found a faded altar of an unknown god.
   909 | D:1      | 909 ||| UPGRADING to +0 chain mail.
   919 | D:1      | 919 ||| DROPPING +0 scale mail.
   920 | D:1      | 920 ||| UPGRADING to +4 ring of protection.
   921 | D:1      | 921 ||| READING scroll labelled HADO OSTUOCOMO.
   922 | D:1      | 922 ||| READING scroll labelled UHOUNKUDGHI.
   923 | D:1      | 923 ||| READING scroll labelled XIKHLU QUGABAPH.
   936 | D:1      | 936 ||| READING scroll labelled GANENUMN JIDGH.
   937 | D:1      | 937 ||| READING scroll labelled ZEAROH OLOALL.
  1040 | D:2      | You fall into a shaft and drop 1 floor!
  1051 | D:3      | Reached skill level 3 in Axes
  1115 | D:3      | Reached XP level 3. HP: 23/23 MP: 3/3
  1115 | D:3      | 1115 ||| UPGRADING to +0 cloak.
  1120 | D:3      | 1120 ||| READING scroll labelled DAZI RUOROM.
  1159 | D:2      | 1159 ||| Stepping ~*~*~tactically~*~*~ (hiding).
  1160 | D:2      | 1160 ||| Stepping ~*~*~tactically~*~*~ (hiding).
  1190 | D:2      | HP: 4/23 [gnoll/+0 spear (6)]
  1191 | D:2      | Slain by a gnoll

Levels and vault maps discovered:
D:1:      lordsloth_arrival_two_stooges, layout_loops_corners,
          basic_ecumenical_altar
D:2:      layout_loops_corners, dk_noncrumbling_3,
          minmay_fractal_squares_gapless_5, uniq_jessica
D:3:      minmay_chambers_of_twos, layout_basic,
          grunt_temple_overflow_growth_and_decay, uniq_grinder

Skill      XL: |  1  2 |
---------------+-------+-----
Axes           | 2 3 |  3.5
Fighting       | |  3.2
Armour         | |  3.2
Shields        | |  3.2

Action                     || total
---------------------------++-------
  Melee: War axe           ||    86
  Throw: Boomerang         ||     6
    Use: Scroll            ||     6
 Armour: Scale mail        ||    14
         Chain mail        ||    41
  Dodge: Dodged            ||    36
  Block: Buckler           ||    18

Table legend:
 A = Non-vault XP
 B = Vault XP
 C = Vault XP percentage of total XP
 D = Non-vault monster count
 E = Vault monster count
 F = Vault count percentage of total count
                 A         B        C        D         E       F
            +---------+---------+-------+---------+---------+-------
      Total |      63 |       0 |   0.0 |      23 |       0 |   0.0
            +---------+---------+-------+---------+---------+-------
        D:1 |      24 |       0 |   0.0 |      14 |       0 |   0.0
        D:2 |      33 |       0 |   0.0 |       5 |       0 |   0.0
        D:3 |       6 |       0 |   0.0 |       4 |       0 |   0.0
            +---------+---------+-------+---------+---------+-------
